AoeStats
← Aspen

Nomad

510046825Analyzed
3v3 RM · 5d ago on Sep 29, 2026· 37m 16s· 6 players
Game mode
Random Map
Map size
210×210
Population
200
Speed
Normal
Resources
Standard
Victory
Conquest
Starting age
Dark Age
Ending age
Imperial Age
RankedLock teamsTeams togetherTeam positionsShared explorationLock speedFull tech treeHidden civsTurbo modeCheats
Victory
Defeat
🇳🇴 Vikings · Norway
1234
+12
🇮🇳 Italians · India
1222
+12
🇻🇳 Sicilians · Vietnam
1209
+13
🇨🇴 Vietnamese · Colombia
1200
-14
🇨🇴 Teutons · Colombia
1198
-15
🇨🇴 Gurjaras · Colombia
1026
-8
Ahihi
7:12 Loom
14:48 Feudal Age
16:36 Double-Bit Axe
16:39 Horse Collar
19:22 Castle Age
17:46 Gold Mining
18:13 Fletching
18:24 Padded Archer Armor
18:40 Bloodlines
20:03 Bodkin Arrow
21:01 Bow Saw
22:14 Husbandry
26:36 Wheelbarrow
26:02 Heavy Plow
29:16 Leather Archer Armor
32:53 Ballistics
36:25 Imperial Age
36:23 Hand Cart
36:43 Cranequins
Gin
4:28 Loom
5:28 Loom
13:57 Feudal Age
19:11 Castle Age
17:21 Scale Mail Armor
17:31 Forging
17:32 Stone Mining
20:56 Horse Collar
24:25 Double-Bit Axe
24:49 Heavy Plow
29:35 Imperial Age
28:33 Chain Mail Armor
28:54 Iron Casting
28:21 Gold Mining
28:48 Squires
28:33 Arson
29:08 Chieftains
30:45 Plate Mail Armor
32:26 Blast Furnace
31:10 Elite Berserk
32:27 Conscription
32:52 Gold Shaft Mining
32:30 Bow Saw
33:32 Fletching
37:35 Ballistics
38:16 Chemistry
Aspen
12:58 Feudal Age
15:39 Loom
21:05 Castle Age
26:15 Double-Bit Axe
32:30 Bow Saw
33:22 Fletching
34:00 Bodkin Arrow
34:06 Padded Archer Armor
35:36 Ballistics
35:42 Leather Archer Armor
chrisgrm
7:54 Loom
16:19 Feudal Age
17:41 Double-Bit Axe
20:55 Wheelbarrow
23:30 Wheelbarrow
23:55 Fletching
24:11 Padded Archer Armor
26:59 Castle Age
26:45 Town Watch
26:47 Fishing Lines
27:40 Bodkin Arrow
27:06 Crossbowman
27:53 Thumb Ring
28:44 Leather Archer Armor
31:41 Hand Cart
Nidagumo
9:44 Loom
12:23 Feudal Age
13:47 Wheelbarrow
13:20 Double-Bit Axe
16:23 Horse Collar
20:41 Fletching
25:05 Castle Age
23:54 Stone Mining
26:55 Padded Archer Armor
28:25 Bow Saw
27:59 Fishing Lines
30:30 Gillnets
32:28 Elite Skirmisher
34:07 Town Watch
34:17 Gold Mining
35:00 Ballistics
36:22 Thumb Ring
36:35 Redemption
kenneth3011
5:33 Loom
12:44 Feudal Age
14:55 Fletching
18:19 Wheelbarrow
19:39 Stone Mining
31:05 Castle Age
32:45 Hand Cart
32:18 Double-Bit Axe
34:49 Horse Collar
36:06 Heavy Plow
Connection lost

Rejoining the realm…

Still unreachable

The connection could not be restored.

Session expired

The server has moved on; the page needs a fresh start.